 Dungeon Crawl Stone Soup version 0.16-a0-2038-g968ce0a (webtiles) character file.

596 Fiveotanaka the Basher (level 7, -9/70 HPs)
             Began as an Ogre Berserker on Nov 11, 2014.
             Was an Elder of Trog.
             Mangled by chequers' ghost (12 damage)
             ... on level 4 of the Dungeon.
             The game lasted 00:10:34 (6223 turns).

Fiveotanaka the Basher (Ogre Berserker)             Turns: 6223, Time: 00:10:34

Health: -9/70      AC:  4    Str: 23    XL:     7   Next: 40%
Magic:  7/7        EV: 10    Int:  6    God:    Trog [****..]
Gold:   230        SH:  0    Dex: 11    Spells: 0 memorised, 6 levels left

rFire  . . .     SeeInvis .     B - +0 flail (curse)
rCold  . . .     Clarity  .     b - +0 animal skin
rNeg   . . .     SustAb   .     (shield restricted)
rPois  .         Gourm    .     (helmet restricted)
rElec  .         Spirit   .     A - +0 cloak
rCorr  .         Warding  .     (gloves unavailable)
rMut   .         Stasis   .     (boots unavailable)
MR     .....                    m - amulet of faith
Stlth  +.........               (no ring)
                                (no ring)

@: not resistant to hostile enchantments, very unstealthy
A: unfitting armour, tough skin 1
a: Burn Spellbooks, Berserk, Trog's Hand, Brothers in Arms, Renounce Religion


You were on level 4 of the Dungeon.
You worshipped Trog.
Trog was greatly pleased with you.
You were very hungry.

You visited 1 branch of the dungeon, and saw 4 of its levels.

You collected 230 gold pieces.

Inventory:

Hand weapons
 a - a +0 mace
 B - a cursed +0 flail (weapon)
Armour
 b - a +0 animal skin (worn)
 A - a +0 cloak (worn)
Jewellery
 m - an amulet of faith (around neck)
 q - a cursed amulet of stasis {unknown}
Magical devices
 t - a wand of lightning (4)
Scrolls
 d - a scroll of magic mapping {unknown}
 f - 6 scrolls of identify {unknown}
 g - 2 scrolls of noise {unknown}
 i - 2 scrolls of immolation {unknown}
 k - a scroll of random uselessness {unknown}
 n - 3 scrolls of remove curse {unknown}
 p - a scroll of teleportation {unknown}
 s - a scroll of enchant armour {unknown}
 v - a scroll of amnesia {unknown}
 x - 3 scrolls of fog {unknown}
 z - a scroll of enchant weapon {unknown}
Potions
 e - 3 potions of restore abilities {unknown}
 h - a potion of agility {unknown}
 j - 3 potions of curing
 l - a potion of confusion {unknown}
 w - 2 potions of haste {unknown}
Books
 y - a book of Spatial Translocations

   Spells                             Type                      Level
   Apportation                        Translocation                1
   Blink                              Translocation                2
   Shroud of Golubria                 Charms/Translocation         2
   Portal Projectile                  Translocation                3
   Teleport Other                     Translocation                3
   Passage of Golubria                Translocation                4
   Trog disapproves of the use of such an item.
Comestibles
 c - 2 meat rations
 o - 6 fruits
 r - 2 bread rations
 u - a slice of pizza


   Skills:
 - Level 4.0 Fighting
 + Level 10.7 Maces & Flails
 - Level 1.5 Armour
 - Level 1.7 Dodging


You had 6 spell levels left.
You didn't know any spells.

Dungeon Overview and Level Annotations

Branches:
Dungeon (4/15)             Temple (0/1) D:4

Altars:
Gozag
Nemelex Xobeh
Okawaru
Qazlal
Xom
Yredelemnul

Annotations:
D:3 Sigmund
D:4 chequers' ghost, experienced FoFi


Innate Abilities, Weirdness & Mutations

You are too large for most types of armour.
You have tough skin (AC +1).


Message History

You are feeling very hungry.
You sock chequers' ghost!
Chequers' ghost is moderately damaged.
Chequers' ghost hits you!
You barely miss chequers' ghost.
Chequers' ghost is moderately damaged.
You hit chequers' ghost but do no damage.
Chequers' ghost is moderately damaged.
Chequers' ghost hits you!
* * * LOW HITPOINT WARNING * * *
You barely miss chequers' ghost.
Chequers' ghost is moderately damaged.
Chequers' ghost hits you!
* * * LOW HITPOINT WARNING * * *
Chequers' ghost misses you.
Found a bubbling red potion.
There is an escape hatch in the ceiling here.
Chequers' ghost whispers, "You will understand me better in a moment."
Chequers' ghost hits you!
You die...

..#........###
#....###
.##.......##
##.....)##
.##......##
##........#
###.....##
#..........# #
#...###
##......... ##.##
##..#....... ###
####...####...
####....#.W.#####
####....#####@..#
####....####
###..# .....####
#..# ....## #...
#...# #... #...#
.! ##..## #...#
#...#


You could see chequers' ghost.

Vanquished Creatures
  2 ogres (D:4)
  A phantom (D:3)
  An iguana (D:4)
  2 orc priests (D:4)
  An orc wizard (D:3)
  A worker ant (D:4)
  Ijyb (D:4)
  2 gnolls (D:3)
  5 adders
  3 worms (D:2)
  2 giant geckos
  4 oozes
  12 orcs
  14 goblins
  11 hobgoblins
  4 jackals (D:2)
  5 kobolds
  A quokka (D:4)
  12 bats
  3 giant cockroaches
  4 giant newts
  6 rats
97 creatures vanquished.

Notes
Turn   | Place    | Note
--------------------------------------------------------------
     0 | D:1      | Fiveotanaka, the Ogre Berserker, began the quest for the Orb.
     0 | D:1      | Reached XP level 1. HP: 24/24 MP: 1/1
   231 | D:1      | Reached XP level 2. HP: 32/32 MP: 2/2
   370 | D:1      | Reached skill level 5 in Maces & Flails
   912 | D:2      | Reached XP level 3. HP: 34/39 MP: 3/3
   930 | D:2      | Acquired Trog's second power
  1093 | D:2      | Reached skill level 6 in Maces & Flails
  1196 | D:2      | Found a shimmering altar of Xom.
  1198 | D:2      | Found a stormy altar of Qazlal.
  1199 | D:2      | Found an iron altar of Okawaru.
  1200 | D:2      | Found an opulent altar of Gozag.
  1200 | D:2      | Found a sparkling altar of Nemelex Xobeh.
  1202 | D:2      | Found a basalt altar of Yredelemnul.
  1329 | D:2      | Reached XP level 4. HP: 3/48 MP: 4/4
  2578 | D:3      | Reached skill level 7 in Maces & Flails
  2803 | D:3      | Reached XP level 5. HP: 48/54 MP: 5/5
  2816 | D:3      | Noticed a phantom
  2842 | D:3      | Killed a phantom
  2842 | D:3      | Reached skill level 8 in Maces & Flails
  3162 | D:3      | Reached XP level 6. HP: 52/62 MP: 6/6
  3166 | D:3      | Noticed Sigmund
  4092 | D:3      | Reached skill level 9 in Maces & Flails
  4387 | D:3      | Acquired Trog's third power
  4846 | D:4      | Found a staircase to the Ecumenical Temple.
  4894 | D:4      | Noticed Ijyb
  4947 | D:4      | Killed Ijyb
  4947 | D:4      | Reached skill level 10 in Maces & Flails
  4947 | D:4      | Reached XP level 7. HP: 19/70 MP: 7/7
  5987 | D:4      | Noticed chequers' ghost (experienced FoFi)
  6213 | D:4      | HP: 1/70 [chequers' ghost (13)]
  6223 | D:4      | Mangled by chequers' ghost

Action                   |  1- 3 |  4- 6 |  7- 9 || total
-------------------------+-------+-------+-------++-------
Melee: Mace              |   127 |   232 |    43 ||   402
       Flail             |       |       |     7 ||     7
Invok: Berserk           |       |       |     1 ||     1
  Use: Potion            |       |       |     1 ||     1
  Eat: Chunk             |     1 |     7 |     4 ||    12
       Meat ration       |       |     1 |       ||     1
